 Dungeon Crawl Stone Soup version 0.27.1-34-g3ba077fa99 (webtiles) character file.

Game seed: 15910107439857718349

119 Descartes the Grasshopper (level 5, -2/38 HPs)
             Began as a Formicid Warper on Jan 23, 2022.
             Succumbed to Sigmund's poison
             ... on level 2 of the Dungeon.
             The game lasted 00:05:03 (3059 turns).

Descartes the Grasshopper (Formicid Warper)         Turns: 3059, Time: 00:05:03

Health: -2/38      AC: 11    Str: 17    XL:     5   Next: 23%
Magic:  8/8        EV:  5    Int: 12    God:
Gold:   8          SH:  0    Dex: 10    Spells: 8/8 levels left

rFire    . . .     SeeInvis +   k - +0 whip (freeze)
rCold    . . .     Faith    .   h - +0 buckler
rNeg     . . .     Spirit   .   s - +0 plate armour
rPois    .         Reflect  .   (helmet unavailable)
rElec    .         Harm     .   (no cloak)
rCorr    .         Rampage  .   (no gloves)
Will     .....                  (no boots)
Stlth    ..........             (no amulet)
HPRegen  0.12/turn              (no ring)
MPRegen  0.11/turn              (no ring)

@: confused, lethally poisoned (-2 -> -24)
A: permanent stasis, dig shafts and tunnels, antennae 3, four strong arms
a: Dig, Shaft Self


You were on level 2 of the Dungeon.
You visited 1 branch of the dungeon, and saw 2 of its levels.

You collected 8 gold pieces.

Inventory:

Hand Weapons
 a - a +0 falchion
 k - a +0 whip of freezing (weapon)
 m - a +0 mace of protection
Missiles
 c - 5 boomerangs of dispersal (quivered)
 g - 4 javelins
 i - 39 stones
 j - 5 silver boomerangs
 p - 32 poisoned darts
 r - 2 boomerangs
Armour
 h - a +0 buckler (worn)
 o - a +0 ring mail
 s - a +0 plate armour (worn)
Scrolls
 e - 3 scrolls of teleportation {unknown}
 f - a scroll of enchant weapon {unknown}
 n - a scroll of identify {unknown}
 q - 2 scrolls of noise {unknown}
Potions
 b - a potion of haste


   Skills:
 - Level 2.1 Fighting
 - Level 2.0 Long Blades
 + Level 1.5 Maces & Flails
 - Level 1.0 Throwing
 + Level 3.0 Armour
 - Level 1.7 Dodging
 + Level 2.1 Shields
 - Level 2.1 Spellcasting
 + Level 3.5 Translocations


You had 8 spell levels left.
You didn't know any spells.
Your spell library contained the following spells:

 Spells                   Type           Power      Damage    Failure   Level
 Frozen Ramparts          Ice            2%         1d2       100%        3
 Gell's Gravitas          Tloc           4%         N/A       100%        3
 Lesser Beckoning         Tloc           4%         N/A       100%        3
 Teleport Other           Tloc           9%         N/A       100%        3
 Ice Form                 Ice/Tmut       1%         N/A       100%        4
 Summon Ice Beast         Ice/Summ       1%         N/A       100%        4
 Manifold Assault         Tloc           9%         N/A       100%        5
 Blink                    Tloc           Unusable   N/A       N/A         2

Dungeon Overview and Level Annotations

Branches:
Dungeon (2/15)

Altars:
Makhleb
Zin

Shops:
D:2 ?

Annotations:
D:2 1 runed translucent door, Crazy Yiuf, Sigmund


Innate Abilities, Weirdness & Mutations

You cannot be hasted, slowed, berserked, paralysed or teleported.
You can dig through walls and to a lower floor.
You have a pair of large antennae on your head. (SInv)
Your four strong arms can wield two-handed weapons with a shield.


Message History

It was a potion of cancellation.
Your magical effects are unravelling.
You feel magically purged.
You feel less confused.
You feel sick. Sigmund hits you but does no damage.
You feel sick.
Sigmund points at you and mumbles some strange words.
The magic dart hits you but does no damage.
You hit Sigmund. You freeze Sigmund.
Sigmund is moderately wounded.
You feel sick.
You are no longer poisoned.
Sigmund barely misses you.
You hit Sigmund but do no damage.
Sigmund is moderately wounded.
You hit Sigmund. You freeze Sigmund.
Sigmund is heavily wounded.
Sigmund hits you with a +0 scythe of venom.
You are poisoned.
You hit Sigmund but do no damage.
Sigmund is heavily wounded.
You feel very sick. Sigmund hits you but does no damage.
You are more poisoned.
You closely miss Sigmund.
Sigmund is heavily wounded.
You feel very sick. Sigmund casts a spell at you.
You are confused.
You feel very sick. Sigmund hits you but does no damage.
You are lethally poisoned!
You feel very sick.
It was a potion of magic.
Magic courses through your body.
* * * LOW HITPOINT WARNING * * *
You feel very sick.
Sigmund hits you from afar with a +0 scythe of venom!
* * * LOW HITPOINT WARNING * * *
You are more poisoned.
You die...

##........## #.#..
#..........# #....
#..........# ###.#
#..........# #.#
#..........# #.#
#..?.......# #..
##.......@########### ###
#...................##
#........@.######....####
#..........# ##..>..)##
#..........# ####.....
#..........# ###...##
##........## ##...>.#.
##......## #..#####.
######## #.## ###. #)#
#... #†# #.##


You could see Sigmund.

Vanquished Creatures
  An orc priest (D:1)
  Jessica (D:2)
  An adder (D:2)
  A worm (D:2)
  4 orcs
  5 endoplasms
  3 giant cockroaches
  4 goblins
  5 hobgoblins
  2 quokkas
  5 ball pythons
  4 bats
  2 frilled lizards (D:1)
  4 kobolds
  3 rats
45 creatures vanquished.

Notes
Turn   | Place    | Note
-------+----------+-------------------------------------------
     0 | D:1      | Descartes the Formicid Warper began the quest for the Orb.
     0 | D:1      | Reached XP level 1. HP: 16/16 MP: 3/3
   284 | D:1      | Reached XP level 2. HP: 17/22 MP: 5/5
  1365 | D:1      | Reached XP level 3. HP: 7/27 MP: 6/6
  1654 | D:2      | Found a runed translucent door.
  1655 | D:2      | Noticed Crazy Yiuf
  1760 | D:2      | Reached skill level 1 in Shields
  1966 | D:2      | Noticed Jessica
  1981 | D:2      | Killed Jessica
  1982 | D:2      | Reached skill level 1 in Maces & Flails
  1982 | D:2      | Reached XP level 4. HP: 18/33 MP: 7/7
  2286 | D:2      | Found a burning altar of Makhleb.
  2409 | D:1      | Reached XP level 5. HP: 3/38 MP: 8/8
  2778 | D:2      | Found Ruliwec's Magic Scroll Shop.
  2939 | D:2      | Found a faded altar of an unknown god.
  2946 | D:2      | Became a worshipper of Zin the Law-Giver
  2946 | D:2      | Reached * piety under Zin
  2947 | D:2      | Fell from the grace of Zin
  3038 | D:2      | Noticed Sigmund
  3059 | D:2      | Succumbed to Sigmund's poison

Illustrated notes

Levels and vault maps discovered:
D:1:      minmay_arrival_hallway, layout_basic
D:2:      layout_rooms, dilly_ecumenical_altar_fadedgnrine, basic_altar,
          serial_shops, shop_statue, small_statue_intersection, uniq_jessica,
          uniq_sigmund, uniq_crazy_yiuf_cottage

Skill      XL: |  1  2  3  4  5 |
---------------+----------------+-----
Translocations | 3 |  3.5
Armour         | 2 3 |  3.0
Shields        | 1 2 |  2.1
Maces & Flails | 1 |  1.5
Fighting       | |  2.1
Long Blades    | |  2.0
Throwing       | |  1.0
Dodging        | |  1.7
Spellcasting   | |  2.1

Action                   |  1- 3 |  4- 6 || total
-------------------------+-------+-------++-------
Melee: Falchion          |    45 |       ||    45
       Whip              |    56 |    73 ||   129
Invok: Renounce Religion |       |     1 ||     1
 Abil: Dig               |     1 |       ||     1
  Use: Potion            |       |     2 ||     2
Armor: Leather armour    |    16 |       ||    16
       Ring mail         |    17 |    18 ||    35
       Plate armour      |       |    12 ||    12
Dodge: Dodged            |    46 |    37 ||    83
Block: Buckler           |    12 |     9 ||    21
       Rpst.: Falchion   |     6 |       ||     6
